AoeStats
← Eppo

Glade

510349706Analyzed
1v1 RM · 18h ago on Sep 30, 2026· 48m 12s· 2 players
Game mode
Random Map
Map size
Tiny (2 player)
Population
200
Speed
Normal
Resources
Standard
Victory
Conquest
Starting age
Dark Age
Ending age
Imperial Age
RankedLock teamsTeams togetherTeam positionsShared explorationLock speedFull tech treeHidden civsTurbo modeCheats
Victory
Defeat
🇳🇱 Gurjaras · Netherlands
944
+18
🇦🇷 Vikings · Argentina
977
-18
Eppo
5:08 Loom
12:54 Feudal Age
13:15 Man-at-Arms
23:43 Castle Age
21:37 Stone Mining
23:11 Horse Collar
23:22 Double-Bit Axe
24:21 Wheelbarrow
24:44 Scale Mail Armor
26:33 Gold Mining
35:49 Hand Cart
46:23 Imperial Age
47:55 Conscription
maijua
3:18 Loom
11:27 Feudal Age
12:01 Man-at-Arms
13:15 Double-Bit Axe
18:23 Horse Collar
19:57 Forging
21:52 Scale Mail Armor
26:53 Castle Age
25:03 Gold Mining
25:33 Stone Mining
27:18 Long Swordsman
28:00 Squires
29:06 Fletching
30:08 Bow Saw
32:26 Chain Mail Armor
33:10 Pikeman
33:24 Pikeman
34:42 Iron Casting
35:08 Murder Holes
42:20 Imperial Age
47:07 Scale Barding Armor
47:01 Light Cavalry
Connection lost

Rejoining the realm…

Still unreachable

The connection could not be restored.

Session expired

The server has moved on; the page needs a fresh start.